cohdb
Replays
Latest Replays
All Replays
Popular Replays
Top Player Replays
Match Explorer
How It Works
Community
CoH3 Stats
Reddit
Sign in to upload your games and track your stats! →
Sign in with Steam
Match 45746393
Unlisted
Match 45746393
Overview
Messages
Build Orders
End
Construct Weapon Support Center
Scout Squad
Selects Heavy Weapons
Selects Heavy Weapons
M1919 Machine Gun Team
M1919 Machine Gun Team
Mechanized Support Center
Engineer Squad
M3 Armored Personnel Carrier
Selects Assault Carriers
Construct Medical Station
Selects Exchangeable Parts
Construct Barracks
Construct Barracks
Riflemen Squad
Riflemen Squad
Designate Forward Repair Station
Selects M2HB .50cal Heavy Machine Gun
Sniper
M1919 Machine Gun Team
Construct Tank Depot
M4A1 Sherman Medium Tank
Improvised Armor
M18 Hellcat Tank Destroyer
Selects M26 Pershing Heavy Tank
M26 Pershing Heavy Tank
Rapid Repairs
Engineer Squad
Selects Rapid Reposition
M4A1 76mm Conversion
Dr. Jekyll
PutPut-AusarTheVile
JEFG
Seocheon
0
0
Comments
sign in to comment!
No comments posted yet!